Map: Apotheosis LE

Players

viOLet - Winner!

  • Race: Zerg Zerg

Has

  • Race: Protoss Protoss

Event: IEM Season 11 - Shanghai

VOD

https://www.youtube.com/watch?v=kBaZII0hfks

Description

Time

  • Played on: July 28, 2016, 8:49 a.m.
  • Length: 16:21

All games in this series

Show
View Real Time Build Order
Export as new Build Order

viOLet Zerg - Winner!

Build Orders: Hatch First 

Get SALT Encoding   

  12  0:00  Drone  
  13  0:12  Overlord  
  13  0:17  Drone  
  14  0:30  Drone  
  14  0:31  Drone  
  16  0:37  Drone  
  17  0:53  Hatchery  
  17  0:55  Drone  
  17  0:58  Drone  
  18  1:11  Extractor  
  18  1:13  Spawning Pool  
  18  1:17  Drone  
  17  1:20  Drone  
  18  1:28  Drone  
  19  1:40  Drone  
  20  2:00  Queen  
  22  2:04  Queen  
  22  2:05  Zergling x6  
  27  2:12  Metabolic Boost  
  27  2:19  Overlord  
  27  2:21  Drone  
  28  2:38  Drone x2  
  28  2:42  Hatchery  
  29  2:47  Drone x2  
  31  2:54  Overlord  
  31  2:59  Evolution Chamber  
  31  3:03  Zergling x4  
  31  3:04  Zergling x2  
  33  3:12  Zergling x6  
  36  3:14  Zergling x4  
  36  3:19  Zergling x2  
  40  3:20  Queen, Zergling x2  
  40  3:22  Overlord  
  40  3:26  Zergling x2  
  43  3:31  Zergling x2  
  44  3:40  Zergling x2  
  44  3:41  Zergling x2  
  46  3:45  Zergling x2  
  46  3:46  Zergling x2  
  46  3:48  Overlord, Zergling x2  
  46  3:49  Zergling x4  
  46  3:54  Zergling x4  
  51  3:56  Zergling x2  
  51  3:58  Zergling x4  
  53  4:08  Zergling x2  
  50  4:10  Zergling x4  
  50  4:16  Zergling x2  
  53  4:18  Zergling x2  
  53  4:21  Zergling x2  
  53  4:24  Zergling x4  
  54  4:25  Overlord  
  54  4:30  Zergling x4  
  54  4:31  Zergling x4  
  56  4:35  Zergling x2  
  54  4:42  Zergling x2  
  54  4:43  Zergling x4  
  52  4:49  Zergling x2  
  52  4:52  Spine Crawler  
  50  4:53  Spine Crawler  
  50  4:55  Spine Crawler  
  50  4:56  Zergling x4  
  49  5:00  Zergling x4  
  49  5:05  Zergling x4  
  51  5:12  Baneling Nest  
  48  5:17  Zergling x6  
  48  5:18  Zergling x4  
  49  5:22  Zergling x4  
  49  5:28  Drone  
  50  5:31  Drone x2  
  50  5:34  Drone x2  
  51  5:41  Drone  
  51  5:47  Drone x2  
  53  5:57  Zergling x6  
  53  6:03  Zergling x4  
  55  6:07  Zergling x6  
  55  6:10  Zergling x4  
  56  6:11  Zergling x2  
  56  6:12  Zergling x4  
  56  6:16  Baneling x2  
  56  6:17  Baneling x2  
  56  6:18  Zergling x4  
  53  6:35  Baneling x4  
  53  6:37  Zergling x14  
  60  6:41  Baneling x3  
  60  6:51  Drone  
  60  6:52  Drone x3  
  60  6:53  Drone  
  63  6:55  Baneling  
  63  6:56  Baneling  
  63  6:57  Baneling  
  63  7:02  Drone x2  
  64  7:12  Drone x2  
  61  7:16  Drone  
  61  7:17  Drone x2  
  61  7:22  Baneling x4  
  59  7:29  Drone x2  
  58  7:30  Drone  
  58  7:31  Drone x2  
  57  7:39  Drone x2  
  57  7:41  Drone x2  
  57  7:42  Drone x2  
  60  7:48  Zergling x2  
  59  7:52  Drone x2  
  59  7:57  Drone x2  
  62  8:01  Drone x2  
  62  8:05  Drone  
  61  8:12  Zergling x4  
  62  8:18  Spore Crawler  
  62  8:19  Spore Crawler x3  
  53  8:23  Spore Crawler  
  53  8:24  Zergling x8  
  50  8:29  Zergling x2  
  50  8:30  Zergling x4  
  50  8:32  Spore Crawler  
  48  8:40  Spore Crawler, Zergling x12  
  49  8:54  Zergling x4  
  42  9:15  Zergling x26  
  52  9:44  Zergling x12  
  59  9:45  Zergling x2  
  59  9:58  Zergling x6  
  59  9:59  Zerg Melee Weapons Level 1  
  62  10:01  Baneling x5  
  62  10:02  Baneling x5  
  62  10:17  Roach Warren  
  62  10:18  Drone  
  62  10:19  Drone x2  
  63  10:29  Drone x4  
  63  10:30  Overlord  
  67  10:40  Baneling x4  
  67  10:42  Drone x2  
  68  10:45  Overlord  
  68  10:51  Drone x2  
  68  10:53  Extractor  
  58  11:18  Drone x5  
  62  11:21  Extractor  
  62  11:24  Pneumatized Carapace  
  60  11:28  Hatchery  
  54  11:34  Zergling x2  
  54  11:35  Zergling x12  
  60  11:41  Roach x2  
  60  11:46  Roach x2  
  67  11:49  Roach  
  66  12:02  Baneling x3  
  66  12:03  Baneling  
  66  12:06  Overlord x2  
  66  12:07  Lair  
  66  12:08  Zergling x2  
  67  12:23  Overlord x2  
  67  12:27  Roach x4  
  75  12:40  Roach x2  
  75  12:41  Roach x2  
  83  12:46  Ravager  
  82  12:55  Overlord  
  82  12:57  Drone  
  82  12:58  Drone x2  
  84  13:01  Drone  
  84  13:06  Baneling x2, Glial Reconstitution  
  84  13:07  Drone x2  
  84  13:08  Drone x4  
  90  13:18  Baneling x3  
  90  13:22  Drone x3  
  93  13:30  Roach x2  
  93  13:31  Roach x2  
  100  13:39  Roach x3  
  101  13:41  Roach  
  97  13:51  Roach  
  97  14:03  Overlord  
  97  14:04  Extractor, Overlord x2  
  97  14:05  Extractor  
  97  14:08  Hatchery  
  94  14:16  Roach  
  94  14:17  Roach x3  
  102  14:22  Drone  
  103  14:28  Roach x2, Zergling x14  
  114  14:39  Zergling x14  
  121  14:47  Ravager x2  
  123  14:57  Ravager x2  
  123  15:09  Overseer  
  120  15:16  Roach  
  120  15:17  Roach x3  
  127  15:21  Overlord x3  
  127  15:24  Roach x2  
  127  15:26  Roach  
  127  15:27  Roach x4  
  128  15:41  Roach x4  
  136  15:48  Overseer, Zergling x2  
  129  15:52  Roach x2, Zergling x2  
  133  15:57  Roach, Zergling x4  
Show
View Real Time Build Order
Export as new Build Order

Has Protoss 

Build Orders: 1 Gate Expand 

Get SALT Encoding   

  12  0:00  Probe (Chrono Boost)  
  13  0:11  Probe (Chrono Boost)  
  14  0:19  Pylon  
  14  0:22  Probe (Chrono Boost)  
  15  0:37  Probe (Chrono Boost), Gateway  
  16  0:48  Probe (Chrono Boost)  
  17  0:52  Assimilator  
  17  0:58  Probe (Chrono Boost)  
  18  1:09  Probe (Chrono Boost)  
  19  1:21  Nexus  
  19  1:24  Probe (Chrono Boost)  
  20  1:33  Cybernetics Core  
  20  1:38  Probe (Chrono Boost)  
  21  1:43  Assimilator  
  21  1:48  Probe (Chrono Boost)  
  22  1:56  Pylon  
  22  1:59  Probe (Chrono Boost)  
  23  2:10  Adept  
  26  2:15  Probe (Chrono Boost)  
  26  2:19  Warp Gate  
  26  2:24  Twilight Council  
  26  2:28  Probe (Chrono Boost)  
  27  2:34  Probe (Chrono Boost)  
  28  2:38  Adept  
  28  2:40  Probe (Chrono Boost)  
  33  2:52  Probe (Chrono Boost)  
  33  2:53  Mothership Core (Chrono Boost)  
  33  2:54  Resonating Glaives  
  34  3:03  Pylon  
  34  3:04  Probe (Chrono Boost)  
  35  3:06  Adept  
  35  3:11  Probe (Chrono Boost)  
  38  3:17  Pylon  
  39  3:23  Gateway  
  38  3:27  Gateway  
  38  3:35  Gateway  
  38  3:39  Probe (Chrono Boost)  
  38  3:40  Probe (Chrono Boost)  
  36  3:49  Probe (Chrono Boost)  
  35  3:59  Probe (Chrono Boost)  
  35  4:00  Pylon  
  35  4:01  Probe (Chrono Boost)  
  35  4:11  Probe (Chrono Boost), Pylon  
  33  4:23  Adept  
  35  4:30  Adept  
  35  4:31  Adept  
  32  4:47  Adept  
  32  4:50  Probe x2 (Chrono Boost)  
  32  4:51  Pylon  
  34  4:56  Adept x2  
  36  5:02  Adept  
  36  5:06  Probe x2 (Chrono Boost)  
  39  5:11  Adept  
  40  5:16  Pylon  
  40  5:18  Probe x2 (Chrono Boost)  
  42  5:25  Adept  
  42  5:26  Adept  
  43  5:32  Probe (Chrono Boost)  
  43  5:34  Probe (Chrono Boost)  
  43  5:41  Adept  
  46  5:44  Probe (Chrono Boost)  
  46  5:47  Adept x2  
  51  5:51  Probe (Chrono Boost)  
  51  5:56  Probe (Chrono Boost)  
  52  6:03  Probe (Chrono Boost), Adept  
  51  6:08  Probe (Chrono Boost)  
  45  6:15  Probe (Chrono Boost)  
  46  6:20  Probe (Chrono Boost)  
  46  6:23  Adept  
  46  6:24  Adept x2  
  51  6:27  Probe (Chrono Boost)  
  53  6:32  Probe (Chrono Boost)  
  53  6:39  Probe (Chrono Boost)  
  54  6:41  Pylon  
  54  6:43  Dark Shrine  
  54  6:46  Probe (Chrono Boost)  
  55  6:51  Probe (Chrono Boost)  
  56  6:54  Pylon  
  56  6:58  Probe (Chrono Boost), Pylon  
  57  7:06  Adept x2  
  50  7:28  Probe (Chrono Boost)  
  44  7:40  Probe (Chrono Boost)  
  37  7:52  Probe (Chrono Boost)  
  37  7:56  Dark Templar  
  39  8:03  Dark Templar  
  39  8:04  Probe (Chrono Boost)  
  42  8:06  Pylon  
  42  8:07  Gateway  
  42  8:09  Pylon  
  42  8:16  Probe (Chrono Boost)  
  36  8:30  Probe (Chrono Boost)  
  35  8:42  Probe (Chrono Boost)  
  35  8:50  Dark Templar  
  35  8:54  Probe (Chrono Boost)  
  36  9:06  Probe (Chrono Boost)  
  34  9:23  Nexus  
  28  9:29  Probe (Chrono Boost), Pylon  
  28  9:32  Pylon  
  28  9:37  Adept  
  30  9:42  Sentry  
  33  9:47  Probe (Chrono Boost)  
  32  9:58  Probe (Chrono Boost)  
  33  10:05  Adept  
  33  10:07  Adept  
  37  10:17  Stalker  
  39  10:30  Probe (Chrono Boost)  
  37  10:47  Dark Templar  
  38  10:58  Dark Templar  
  40  11:06  Probe (Chrono Boost)  
  37  11:13  Dark Templar  
  40  11:21  Probe (Chrono Boost)  
  40  11:25  Adept  
  42  11:31  Probe (Chrono Boost), Adept  
  45  11:40  Archon  
  45  11:42  Probe (Chrono Boost)  
  46  12:01  Probe (Chrono Boost)  
  46  12:05  Dark Templar  
  46  12:06  Adept x2  
  53  12:09  Archon  
  53  12:11  Robotics Facility  
  53  12:14  Probe (Chrono Boost)  
  54  12:21  Assimilator  
  54  12:28  Gateway  
  54  12:29  Gateway  
  54  12:39  Assimilator  
  54  12:42  Adept x2  
  55  12:52  Probe (Chrono Boost)  
  56  12:59  Immortal  
  56  13:04  Probe (Chrono Boost)  
  59  13:15  Stalker  
  59  13:16  Adept, Stalker  
  59  13:19  Probe (Chrono Boost)  
  66  13:31  Probe (Chrono Boost), Pylon  
  66  13:32  Pylon  
  62  13:42  Immortal  
  62  13:43  Probe (Chrono Boost)  
  47  13:55  Probe (Chrono Boost)  
  47  14:14  Sentry x2  
  51  14:23  Warp Prism  
  53  14:35  Sentry  
  53  14:36  Sentry  
  57  14:41  Sentry x2  
  61  14:49  Adept  
  56  15:15  Dark Templar  
  48  15:57  Stalker x2  

Tags
 
Add a new tag
Caveats
  • Supply blocks, unpowered buildings, or Contaminate may cause inaccurate times.
  • Supply counts are checked every 10 seconds.